Map: [G8] Royal Blood

Players

Cure

  • Race: Terran Terran
  • Spawn Location: 1:00

Classic - Winner!

  • Race: Protoss Protoss
  • Spawn Location: 7:00

Event: Gamers8 2023

VOD

Have the link to the VOD?

Description

Time

  • Played on: Aug. 5, 2023, 2:13 p.m.
  • Length: 15:44

All games in this series

Show
View Real Time Build Order
Export as new Build Order

Cure Terran 

Build Orders:  

Get SALT Encoding   

  12  0:00  SCV  
  13  0:12  SCV  
  14  0:17  Supply Depot  
  14  0:24  SCV  
  15  0:39  SCV  
  15  0:40  Barracks  
  15  0:42  Refinery  
  16  0:51  SCV  
  16  0:52  Refinery  
  17  1:03  SCV  
  18  1:05  Supply Depot  
  18  1:15  SCV  
  19  1:30  Orbital Command, Reaper  
  20  1:40  Factory  
  20  1:56  SCV  
  21  2:02  Reaper  
  21  2:08  SCV  
  23  2:20  Command Center, SCV  
  24  2:25  Hellion  
  26  2:32  SCV  
  26  2:34  Barracks Reactor  
  27  2:42  Starport  
  27  2:44  SCV  
  27  2:49  Supply Depot  
  28  2:53  Widow Mine  
  28  2:56  SCV  
  30  3:11  Marine x2  
  30  3:12  SCV  
  33  3:18  Factory Tech Lab  
  33  3:20  Medivac  
  33  3:24  SCV  
  36  3:29  Marine x2  
  36  3:32  Orbital Command  
  38  3:37  Cyclone  
  38  3:38  SCV  
  42  3:46  Marine, Supply Depot  
  42  3:47  Marine  
  44  3:51  SCV  
  45  3:55  Viking  
  45  3:59  SCV  
  48  4:06  Marine  
  48  4:09  Cyclone  
  52  4:11  SCV x2  
  52  4:14  Supply Depot  
  54  4:18  Marine  
  54  4:23  SCV x2  
  57  4:24  Marine  
  57  4:28  Viking, Supply Depot  
  60  4:35  SCV  
  60  4:37  Marine  
  62  4:42  Marine  
  63  4:47  Siege Tank  
  63  4:48  SCV x2  
  63  4:50  Supply Depot  
  68  5:00  Command Center  
  68  5:01  Viking  
  70  5:07  SCV x2  
  70  5:09  Marine  
  70  5:10  Marine  
  72  5:16  Supply Depot  
  72  5:19  SCV x2  
  72  5:24  Siege Tank  
  72  5:27  Marine x2  
  74  5:31  SCV  
  74  5:32  SCV  
  70  5:43  SCV  
  70  5:44  SCV  
  70  5:45  Marine x2  
  65  5:50  Viking  
  65  5:56  SCV x2  
  65  5:58  Siege Tank  
  65  6:02  Refinery  
  66  6:05  Barracks  
  66  6:06  Barracks  
  66  6:07  Marine x2, Refinery  
  66  6:09  SCV x2  
  70  6:15  Orbital Command  
  70  6:19  Engineering Bay  
  70  6:23  Engineering Bay  
  70  6:26  SCV x2  
  70  6:27  Starport Tech Lab  
  72  6:36  Marine, Orbital Command  
  72  6:37  Marine, Barracks  
  72  6:39  Barracks  
  74  6:42  SCV x2  
  74  6:46  Factory Reactor, Raven  
  78  6:52  Terran Infantry Armor Level 1, Terran Infantry Weapons Level 1  
  78  6:54  SCV x2  
  80  6:58  Marine x2  
  82  7:01  SCV  
  82  7:06  SCV x2  
  85  7:09  Marauder, Stimpack  
  85  7:12  Supply Depot  
  85  7:14  Supply Depot  
  87  7:16  SCV  
  87  7:18  SCV x2  
  90  7:23  Marine  
  90  7:24  Marine, Barracks Tech Lab  
  90  7:27  Barracks Reactor, Refinery  
  90  7:28  Refinery  
  92  7:30  Marauder, SCV x3  
  92  7:32  Combat Shield  
  92  7:33  Marauder, Factory Reactor  
  92  7:35  Medivac  
  101  7:41  Missile Turret  
  101  7:44  SCV  
  101  7:45  SCV x2  
  101  7:49  Marauder, Marine x2  
  101  7:50  Medivac  
  106  7:52  Marauder  
  106  7:56  Ghost Academy  
  106  7:58  Marauder, Supply Depot  
  108  7:59  Concussive Shells, Missile Turret  
  108  8:04  Marine x2  
  110  8:08  Medivac  
  110  8:09  SCV x3  
  110  8:11  Marauder  
  117  8:13  Marauder, Supply Depot  
  117  8:14  Supply Depot  
  117  8:16  Marine x2  
  117  8:17  Widow Mine  
  117  8:18  Widow Mine  
  117  8:19  Marine  
  126  8:22  Supply Depot  
  126  8:23  Medivac  
  128  8:32  Marine x2  
  128  8:33  Marauder  
  131  8:34  Marauder  
  131  8:35  Marine x2  
  131  8:38  Marauder  
  131  8:40  Medivac  
  137  8:42  SCV x3  
  137  8:47  Missile Turret  
  135  8:51  Widow Mine x2  
  135  8:53  Medivac  
  135  8:54  SCV x3  
  142  9:00  Armory  
  142  9:02  Missile Turret  
  142  9:04  Ghost x2  
  142  9:08  Command Center, SCV x3  
  149  9:11  Ghost  
  149  9:15  Marine x4  
  155  9:19  Widow Mine  
  157  9:26  Widow Mine  
  153  9:31  Medivac x2  
  153  9:35  Barracks  
  153  9:36  Supply Depot  
  153  9:37  Supply Depot  
  155  9:39  Barracks x2  
  155  9:44  Ghost  
  157  9:53  Marine  
  157  9:57  Ghost  
  157  9:58  Marine x3, Ghost, Supply Depot  
  164  10:00  Supply Depot  
  164  10:02  Supply Depot  
  164  10:05  Viking x2  
  164  10:06  Widow Mine  
  169  10:10  Terran Infantry Weapons Level 2  
  169  10:20  Terran Infantry Armor Level 2  
  169  10:27  SCV x3  
  172  10:33  Barracks Tech Lab x2  
  172  10:34  Marauder, Marine x4  
  172  10:35  Marauder x2  
  179  10:43  Refinery  
  179  10:44  Refinery, SCV x2  
  179  10:45  SCV  
  179  10:47  Marine  
  179  10:50  Planetary Fortress  
  179  10:53  Missile Turret  
  179  10:54  Viking  
  179  10:56  Marine  
  182  10:57  Marauder  
  182  11:03  SCV x3  
  183  11:10  Terran Ship Weapons Level 1  
  183  11:18  Marauder x2, Marine x4  
  188  11:28  Viking x2  
  188  11:29  Widow Mine x2  
  194  11:33  Command Center  
  177  11:47  Ghost x2  
  177  11:48  Marauder x2, Marine x4  
  177  11:49  Marine x2  
  188  11:58  Viking x2, Widow Mine x2  
  184  12:06  Marine x2  
  184  12:07  Marine x2  
  184  12:08  Marauder  
  191  12:10  Marauder x2  
  195  12:16  Marine  
  195  12:17  Marauder  
  196  12:23  Marine x2  
  196  12:25  Marine x2  
  196  12:29  Barracks Reactor, Marauder  
  197  12:30  Ghost  
  197  12:31  Marauder, Terran Infantry Weapons Level 3  
  197  12:34  Marauder  
  200  12:37  Marine  
  200  12:41  Marine x2  
  200  12:43  Marine x2  
  146  12:51  Marauder  
  130  12:52  Marauder  
  130  12:55  Marine  
  130  12:56  Marauder  
  126  12:59  Marine x2  
  126  13:00  Marauder  
  126  13:01  Marine x2, SCV x2  
  126  13:02  SCV x2  
  126  13:05  Marine x2  
  138  13:10  Medivac, Widow Mine x2  
  138  13:11  Medivac, Marine  
  147  13:14  Marauder x2  
  147  13:17  Marine x3  
  147  13:18  Marine x2  
  156  13:20  Missile Turret  
  156  13:21  Marauder  
  156  13:23  Marine x2  
  160  13:27  Planetary Fortress  
  160  13:28  Missile Turret  
  155  13:35  Marine x2, Ghost x2  
  159  13:44  SCV x3  
  148  13:53  Marine, Ghost x2  
  146  14:05  Marine x3  
  146  14:06  Marauder x2  
  147  14:17  Marine x3  
  147  14:18  Marauder  
  147  14:20  SCV x2  
  147  14:22  Marauder  
  156  14:25  Marine x2  
  156  14:26  Marine x2  
  156  14:28  Marine  
  161  14:33  Marauder  
  161  14:35  Marine  
  141  14:56  Marine x2  
  141  14:57  Marauder x3, Marine x2  
  141  14:58  Medivac x2  
  142  15:07  Marine x2  
  142  15:08  Marauder x2  
  124  15:14  Marine x2  
Show
View Real Time Build Order
Export as new Build Order

Classic Protoss - Winner!

Build Orders: 1 Gate Expand, Phoenix Opening 

Get SALT Encoding   

  12  0:00  Probe  
  13  0:12  Probe  
  14  0:17  Pylon  
  14  0:24  Probe (Chrono Boost)  
  15  0:36  Probe (Chrono Boost)  
  15  0:37  Gateway  
  16  0:44  Probe (Chrono Boost)  
  16  0:45  Assimilator  
  17  0:51  Probe  
  18  1:03  Probe  
  19  1:15  Probe  
  20  1:24  Cybernetics Core  
  20  1:32  Nexus  
  20  1:39  Pylon  
  20  1:42  Probe  
  21  1:47  Assimilator  
  22  1:54  Probe  
  22  1:57  Adept (Chrono Boost)  
  24  2:06  Probe  
  25  2:17  Adept (Chrono Boost)  
  25  2:18  Probe  
  25  2:20  Shield Battery  
  28  2:27  Stargate  
  28  2:30  Probe  
  28  2:34  Warp Gate  
  29  2:40  Adept  
  31  2:44  Probe (Chrono Boost)  
  33  2:51  Probe (Chrono Boost)  
  33  2:55  Probe (Chrono Boost)  
  35  2:59  Probe x2 (Chrono Boost)  
  36  3:10  Probe x2  
  38  3:16  Phoenix  
  40  3:21  Pylon  
  40  3:22  Probe (Chrono Boost)  
  40  3:24  Probe (Chrono Boost)  
  42  3:27  Robotics Facility  
  43  3:35  Probe (Chrono Boost)  
  43  3:36  Gateway  
  43  3:39  Probe (Chrono Boost)  
  43  3:40  Probe (Chrono Boost)  
  45  3:42  Stalker  
  45  3:46  Probe  
  48  3:49  Probe  
  48  3:51  Pylon  
  48  3:54  Phoenix  
  51  3:58  Assimilator, Probe  
  51  4:01  Probe  
  53  4:03  Assimilator  
  53  4:12  Immortal (Chrono Boost), Shield Battery  
  57  4:21  Pylon  
  57  4:24  Probe  
  59  4:31  Stalker  
  59  4:32  Stalker  
  59  4:35  Pylon  
  66  4:48  Observer (Chrono Boost)  
  66  4:49  Phoenix  
  66  4:51  Probe x2  
  66  4:52  Pylon  
  67  4:54  Stalker  
  67  4:55  Stalker  
  71  5:03  Immortal  
  74  5:16  Robotics Bay  
  74  5:22  Probe x2  
  75  5:32  Nexus  
  75  5:34  Pylon, Probe x2  
  75  5:46  Probe x2  
  75  5:49  Phoenix  
  63  5:58  Probe x2  
  63  6:00  Colossus (Chrono Boost)  
  71  6:05  Pylon  
  71  6:08  Extended Thermal Lance  
  71  6:10  Probe x2  
  73  6:13  Shield Battery  
  73  6:16  Phoenix (Chrono Boost)  
  75  6:22  Probe x2, Sentry  
  75  6:24  Shield Battery  
  79  6:32  Phoenix (Chrono Boost)  
  79  6:34  Probe x2  
  79  6:37  Colossus (Chrono Boost)  
  83  6:46  Probe x3  
  92  6:55  Stalker x2  
  96  7:02  Pylon, Probe  
  96  7:03  Probe x2  
  99  7:10  Phoenix (Chrono Boost)  
  99  7:14  Probe  
  102  7:20  Probe x2  
  102  7:22  Twilight Council, Stalker x2  
  108  7:23  Forge  
  108  7:26  Assimilator, Probe  
  108  7:27  Pylon  
  109  7:30  Assimilator  
  109  7:31  Pylon  
  109  7:34  Colossus (Chrono Boost)  
  109  7:41  Gateway  
  109  7:43  Gateway  
  115  7:51  Charge  
  115  7:52  Zealot x2  
  115  7:54  Pylon  
  115  7:58  Protoss Ground Weapons Level 1 (Chrono Boost)  
  119  8:00  Pylon  
  119  8:06  Gateway x2  
  119  8:07  Pylon  
  119  8:08  Gateway  
  119  8:09  Gateway  
  119  8:17  Warp Prism (Chrono Boost)  
  119  8:19  Zealot x2  
  125  8:27  Nexus  
  125  8:31  Pylon  
  125  8:46  Disruptor (Chrono Boost)  
  128  8:55  Robotics Facility  
  126  8:56  Zealot x4  
  126  8:58  Shield Battery  
  126  9:00  Templar Archives  
  126  9:02  Stalker x3  
  138  9:05  Pylon  
  138  9:17  Nexus  
  138  9:18  Disruptor (Chrono Boost)  
  141  9:29  Pylon  
  139  9:34  Probe x2  
  139  9:35  Pylon, Probe  
  142  9:41  Disruptor (Chrono Boost)  
  142  9:42  Robotics Facility  
  142  9:43  Protoss Ground Weapons Level 2 (Chrono Boost)  
  145  9:48  Blink  
  145  9:50  Forge  
  145  9:55  Shield Battery  
  145  9:59  Probe x4, Shield Battery  
  149  10:01  Stalker x3, Sentry  
  157  10:08  Observer  
  157  10:11  Disruptor (Chrono Boost)  
  161  10:15  Zealot x3  
  161  10:16  Zealot  
  168  10:21  Photon Cannon  
  168  10:27  Stalker, Shield Battery  
  168  10:28  Stalker  
  172  10:29  Disruptor (Chrono Boost)  
  172  10:34  Zealot x2  
  172  10:35  Protoss Ground Armor Level 1 (Chrono Boost)  
  179  10:39  Warp Prism (Chrono Boost)  
  177  10:44  Disruptor (Chrono Boost)  
  168  10:52  Probe (Chrono Boost)  
  168  10:56  Disruptor (Chrono Boost)  
  169  11:01  Stalker  
  169  11:02  Probe (Chrono Boost), Stalker x4  
  183  11:06  Gravitic Drive  
  183  11:07  Zealot x2, Probe (Chrono Boost)  
  183  11:10  Zealot  
  190  11:16  Disruptor  
  190  11:17  Disruptor  
  194  11:18  Probe  
  194  11:20  Pylon  
  195  11:30  Disruptor, Probe  
  191  11:47  Zealot x4  
  195  11:58  Protoss Ground Weapons Level 3 (Chrono Boost)  
  188  12:09  Zealot x6, Gateway  
  188  12:12  Pylon  
  188  12:13  Gateway  
  186  12:21  Nexus  
  186  12:22  Pylon  
  186  12:24  Disruptor x3  
  195  12:32  Zealot x2  
  195  12:33  Protoss Ground Armor Level 2 (Chrono Boost)  
  158  12:46  Nexus  
  130  12:57  Zealot x8, Disruptor x2 (Chrono Boost)  
  142  13:00  Probe (Chrono Boost)  
  142  13:03  Immortal (Chrono Boost)  
  142  13:04  Zealot  
  155  13:08  Probe x2 (Chrono Boost)  
  155  13:09  Probe x3 (Chrono Boost)  
  155  13:12  Stalker  
  162  13:13  Pylon, Robotics Facility  
  162  13:14  Probe (Chrono Boost)  
  162  13:15  Probe (Chrono Boost)  
  164  13:21  Stalker x2  
  164  13:22  Stalker x6  
  164  13:26  Probe  
  181  13:33  Disruptor x2  
  185  13:35  Disruptor  
  185  13:38  Probe  
  187  13:45  Stalker x4  
  187  13:46  Stalker  
  195  13:51  Zealot x3  
  198  13:57  Zealot x2  
  186  14:19  Zealot x8  
  188  14:54  Zealot x7  
  188  14:58  Zealot x2  
  188  14:59  Zealot  
  190  15:16  Zealot  
  190  15:17  Zealot x4  
  198  15:28  Zealot x4  
Tags
 
Add a new tag
Caveats
  • Supply blocks, unpowered buildings, or Contaminate may cause inaccurate times.
  • Supply counts are checked every 10 seconds.